 Dungeon Crawl Stone Soup version 0.31-a0-631-g285b096dc4 (webtiles) character file.

Game seed: 6668508536102202576

200 Flugkiller the Ducker (level 5, 22/22 HPs)
             Began as a Felid Shapeshifter on Aug 25, 2023.
             Quit the game on level 4 of the Dungeon.
             The game lasted 00:04:32 (2163 turns).

Flugkiller the Ducker (Felid Shapeshifter)          Turns: 2163, Time: 00:04:33

Health: 22/22      AC:  1    Str: 11    XL:     5   Next: 49%
Magic:  6/6        EV: 19    Int: 10    God:
Gold:   144        SH:  0    Dex: 18    Spells: 4/4 levels left
                                        Lives:  0   Deaths: 2

rFire   . .          .
                       - Unarmed
rCold   . . .        (shield unavailable)
rNeg    . . .        (body armour unavailable)
rPois   .            (helmet unavailable)
rElec   .            (cloak unavailable)
rCorr   .            (gloves unavailable)
SInv    +            (boots unavailable)
Will    .....        h - amulet of guardian spirit
Stlth   ++           (no ring)
HPRegen 0.23/turn    (no ring)
MPRegen 0.10/turn

%: guardian spirit
@: beast-form, quick
A: beast (slay +1), very small, claws 1, fangs 3, see invisible, speed 1, shaggy
fur 1, stealthy paws, no weapons or thrown items, no armour, multi-lived
a: Begin Untransformation


You were on level 4 of the Dungeon.
You were a hulking beast.
You visited 1 branch of the dungeon, and saw 4 of its levels.

You collected 144 gold pieces.

Inventory:

Jewellery
 h - an amulet of guardian spirit (around neck)
   (You found it on level 1 of the Dungeon)
Talismans
 b - a beast talisman (active)
 c - a flux talisman
Scrolls
 d - a scroll of poison {unknown}
 t - 3 scrolls of teleportation
Potions
 a - a potion of lignification
 e - a potion of invisibility {unknown}
 f - a potion of might {unknown}
 g - a potion of heal wounds {unknown}
 i - a potion of magic {unknown}
 j - a potion of curing {unknown}
 k - a potion of mutation {unknown}


   Skills:
 - Level 2.0 Fighting
 + Level 4.9 Dodging
 - Level 2.0 Stealth
 + Level 4.7 Unarmed Combat
 - Level 3.2 Shapeshifting


You had 4 spell levels left.
You didn't know any spells.
Your spell library contained the following spells:

 Spells                   Type           Power      Damage    Failure   Level
 Blink                    Tloc           0%         N/A       50%         2
 Manifold Assault         Tloc           0%         N/A       98%         4


Dungeon Overview and Level Annotations

Branches:
Dungeon (4/15) Zot: 27000
 Temple: D:4-7

Altars:

Shops:
D:3 [


Innate Abilities, Weirdness & Mutations

You are a hulking beast.
Your limbs bulge with bestial killing power. (Slay +1)
You have sharp claws.
You have razor-sharp teeth.
You have supernaturally acute eyesight. (SInv)
You cover ground quickly. (Speed+)
You are covered in fur. (AC +1)
Your paws help you pounce on unaware monsters.
You are incapable of wielding weapons or throwing items.
You cannot wear armour.
You gain extra lives every three experience levels.


Message History

The hobgoblin hits you.
You scratch the hobgoblin.
You kill the hobgoblin!
No target in view!
No target in view!
You see here 9 gold pieces.
An orc priest is nearby!
An orc priest is nearby!
An orc priest is nearby!
An orc priest is nearby!
Found 19 gold pieces.
The orc priest shouts!
You hear a shout! x5
An orc comes into view. It is wielding a +0 hand axe.
An orc comes into view. It is wielding a +0 mace.
The orc priest hits you with a +1 heavy trident.
An endoplasm comes into view.
The gnoll shouts!
You scratch the orc priest. Your bite misses the orc priest.
The orc priest is moderately wounded.
The gnoll shouts!
You scratch the orc priest.
The orc priest is severely wounded.
The orc priest closely misses you.
You scratch the orc priest.
The orc priest is almost dead.
The orc priest closely misses you.
You closely miss the orc priest.
The orc priest is almost dead.
The orc hits you with a +0 hand axe! The orc completely misses you.
You closely miss the orc priest. Your bite misses the orc priest.
The orc priest is almost dead.
The orc priest completely misses you. The orc closely misses you.
The orc barely misses you.
You completely miss the orc priest.
You bite the orc priest, but do no damage.
The orc priest is almost dead.
You scratch the orc priest.
You kill the orc priest!
The orc hits you with a +0 mace. The orc hits you with a +0 hand axe.
A worm comes into view.
You see here 19 gold pieces.
Found 6 gold pieces.
You see here a dart slug corpse.
There is a stone staircase leading up here.
The orc hits you with a +0 mace.
You climb upwards.
There is a stone staircase leading down here.
You are too injured to fight recklessly!
You are too injured to fight recklessly!
You claw the orc!
You kill the orc!
Things that are here:
a +0 mace; a +0 leather armour You start resting.
Magic restored.
You start resting.
HP restored.
There is a stone staircase leading down here.
You climb downwards.
The kobold shouts! x2
The kobold completely misses you.
There is a stone staircase leading up here.
There are monsters nearby!
You barely miss the kobold.
The sky beast flickers out of sight for a moment.
The kobold closely misses you.
The kobold throws a stone.
The stone barely misses you.
The stone barely misses the kobold.
You claw the kobold!
You kill the kobold!
You closely miss the sky beast.
The sky beast is lightly wounded.
The sky beast completely misses you.
You claw the sky beast! You bite the sky beast!
The sky beast is severely wounded.
The kobold closely misses you. The sky beast misses you.
You miss the sky beast.
The sky beast is severely wounded.
The kobold misses you. The sky beast hits you. The sky beast shocks you.
You scratch the sky beast.
The sky beast is almost dead.
The kobold completely misses you.
You scratch the sky beast but do no damage.
The sky beast is almost dead.
The sky beast hits you. The sky beast shocks you. The kobold misses you.
You are too injured to fight recklessly!
You scratch the sky beast.
You bite the sky beast, but do no damage.
The sky beast is almost dead.
The sky beast hits you. The sky beast shocks you.
* * * LOW HITPOINT WARNING * * *
The kobold completely misses you.
The sky beast attacks as it pursues you!
The sky beast hits you.
* * * LOW HITPOINT WARNING * * *
The sky beast shocks you.
You die...
Your shape twists and changes as you die.
You rejoin the land of the living...
Found an escape hatch in the ceiling.
Are you sure you want to abandon this character and quit the game? (Confirm with "yes".)

###....g.#...# ..
##†.$.$....:##..
###..##...........#
.....###...!..#.#.#
.....$...#.[.##...#
.#########.......#
. .......<.###
###J...#..####.###
....##.##.h.....<.
.#.# #.##.........
.. ...#.........
..# .............
..##.......... .#
##.........
#.........
#.........


There were no monsters in sight!

Vanquished Creatures
  An orc priest (D:4)
  Robin (D:3)
  A gnoll (D:3)
  8 adders
  A worm (D:2)
  4 dart slugs
  An orc (D:3)
  6 endoplasms
  A giant cockroach (D:2)
  13 goblins
  7 hobgoblins
  3 jackals (D:4)
  3 kobolds
  A quokka (D:3)
  5 ball pythons
  9 bats
  2 frilled lizards
  2 rats
69 creatures vanquished.

Notes
Turn   | Place    | Note
-------+----------+-------------------------------------------
     0 | D:1      | Flugkiller the Felid Shapeshifter began the quest for the
                  | Orb.
     0 | D:1      | Reached XP level 1. HP: 9/9 MP: 2/2
    74 | D:1      | Reached skill level 1 in Stealth
   207 | D:1      | Reached XP level 2. HP: 12/12 MP: 3/3
   479 | D:2      | Reached XP level 3. HP: 16/16 MP: 2/4
  1147 | D:2      | Found a faded altar of an unknown god.
  1231 | D:3      | Noticed Robin
  1235 | D:3      | Reached XP level 4. HP: 19/19 MP: 5/5
  1240 | D:3      | Found Fecou's Armour Boutique.
  1674 | D:3      | Killed Robin
  1879 | D:3      | Slain by a gnoll
  1888 | D:3      | Reached XP level 5. HP: 22/22 MP: 6/6
  1952 | D:4      | Noticed a sky beast
  2162 | D:4      | HP: 1/22 [sky beast (3)]
  2162 | D:4      | Slain by a sky beast
  2163 | D:4      | Quit the game

Illustrated notes

Levels and vault maps discovered:
D:1:      minmay_arrival_hallway, layout_basic
D:2:      layout_loops_cross, shapermc_ecumenical_altar_mp_vishouse
D:3:      layout_rooms, serial_shops, shop_statue, uniq_robin
D:4:      layout_rooms, mainiacjoe_overflow_alcove_4, serial_shops, shop,
          minmay_quantized, uniq_duvessa

Skill      XL: |  1  2  3  4 |
---------------+-------------+-----
Stealth        | 2 |  2.0
Fighting       | 2 |  2.0
Dodging        | 3 4 |  4.9
Unarmed Combat | 4 |  4.7
Shapeshifting  | |  3.2

Action                     |  1- 3 |  4- 6 || total
---------------------------+-------+-------++-------
  Melee: Unarmed           |    59 |   114 ||   173
         Bite              |     4 |     8 ||    12
         Punch             |     1 |     2 ||     3
    Use: Scroll            |     3 |       ||     3
   Stab: Sleeping          |     4 |     2 ||     6
         Distracted        |     1 |       ||     1
 Armour: Skin              |     7 |     5 ||    12
  Dodge: Dodged            |    44 |    90 ||   134

Table legend: (Time is in decaauts)
 A = Elapsed time spent in this place.
 B = Non-inter-level travel time spent in this place.
 C = Inter-level travel time spent in this place.
 D = Time resting spent in this place.
 E = Time spent auto-exploring this place.
 F = Levels seen in this place.
 G = Mean time per level.
                   A        B        C        D        E       F      G
               +--------+--------+--------+--------+--------+-----+--------+
         Total |   1834 |   1736 |     98 |    313 |    899 |   4 |  458.5 |
       Dungeon |   1834 |   1736 |     98 |    313 |    899 |   4 |  458.5 |
               +--------+--------+--------+--------+--------+-----+--------+

Top non-repeatable levels by time:
     D:2: 684 daAuts
     D:3: 655 daAuts
     D:1: 378 daAuts
     D:4: 116 daAuts
